 Dungeon Crawl Stone Soup version 0.20-a0-983-g35de22d (webtiles) character file.

16 M4edhros the Grave Robber (level 2, 0/17 HPs)
             Began as an Octopode Necromancer on Apr 10, 2017.
             Slain by Terence
             ... wielding a +0 vampiric short sword
              (4 damage)
             ... on level 2 of the Dungeon.
             The game lasted 00:01:20 (255 turns).

M4edhros the Grave Robber (Octopode Necromancer)     Turns: 255, Time: 00:01:23

Health: 0/17       AC:  1    Str:  7    XL:     2   Next: 54%
Magic:  9/14       EV: 13    Int: 17    God:
Gold:   32         SH:  0    Dex: 12    Spells: 3/5 levels left

rFire    + . .     SeeInvis .     - Unarmed
rCold    x . .     Gourm    .   (no shield)
rNeg     . . .     Faith    .   (helmet restricted)
rPois    .         Spirit   .   (no amulet)
rElec    .         Reflect  .   e - ring of fire
rCorr    .         Harm     .   f - ring of magical power
MR       .....                  (no ring)
Stlth    +++.......             (no ring)
Regen    0.1/turn               (no ring)
MPRegen  0.2/turn               (no ring)
                                (no ring)
                                (no ring)

@: no status effects
A: almost no armour, stealthy swim, amphibious, 8 rings, constrict 8, camouflage
1, gelatinous body 1
a: no special abilities


You were on level 2 of the Dungeon.
You were not hungry.

You visited 1 branch of the dungeon, and saw 3 of its levels.

You collected 32 gold pieces.

Inventory:

Jewellery
 e - a ring of fire (left tentacle)
 f - a ring of magical power (right tentacle)
Scrolls
 d - 3 scrolls of identify {unknown}
Potions
 c - a potion of agility {unknown}
 g - a potion of haste {unknown}
Books
 a - a book of Necromancy

   Spells                             Type                      Level
   a - Pain                           Necromancy                   1
   b - Animate Skeleton               Necromancy                   1
   c - Vampiric Draining              Necromancy                   3
   d - Regeneration                   Charms/Necromancy            3
   e - Animate Dead                   Necromancy                   4
   f - Control Undead                 Necromancy                   4
Comestibles
 b - a bread ration
 h - 3 chunks of flesh
 i - a meat ration


   Skills:
 - Level 2.0 Dodging
 - Level 2.6 Stealth
 + Level 2.1 Unarmed Combat
 - Level 2.0 Spellcasting
 - Level 4.0 Necromancy


You had 3 spell levels left.
You knew the following spells:

 Your Spells              Type           Power        Failure   Level  Hunger
a - Pain                  Necr           ###.         3%          1    #......
b - Animate Skeleton      Necr           N/A          3%          1    #......


Dungeon Overview and Level Annotations

Branches:
Dungeon (3/15)

Altars:

Annotations:
D:2 Jessica, Terence


Innate Abilities, Weirdness & Mutations

You cannot wear most types of armour.
You are very stealthy in the water. (Stealth+)
You are amphibious.
You can wear up to eight rings at the same time.
You can use your tentacles to constrict eight enemies at once.
Your skin changes colour to match your surroundings (Stealth+).
Your rubbery body absorbs attacks. (AC +1, EV +1)


Message History

Found 14 stones and 6 gold pieces.
Found two stone staircases leading down.
There is a stone staircase leading up here.
Unknown command.
Unknown command.
Unknown command.
You climb upwards.
Level annotation: Jessica
There is a stone staircase leading down here.
Terence the Incautious comes into view.
He is wielding a vampiric short sword.
Terence shouts!
Terence shouts, "Get ready for death!"
Terence closely misses you.
You tentacle-slap Terence but do no damage.
You grab Terence. You squeeze Terence.
Terence is moderately wounded.
You constrict Terence, but do no damage.
Terence looks scornfully at you.
Terence hits you with a vampiric short sword.
You die...

###.#######.# #.....
#..(........## #...#####
#............ #...#...
#..........#######...#.###
#..........'..........)...
.......w...#######...#.###
.........>...Z............
.##+############.#.....##.
#.....@@...Z............
##############.####.[.##
#...##...# ##...##...#
#8...8#...# ##...##...#
#...# ##...## #8...8#


You could see Terence and a friendly goblin skeleton.

Vanquished Creatures
  A worm (D:2)
  A dart slug (D:2)
  A leopard gecko (D:2)
  A giant cockroach (D:2)
  2 goblins (D:2)
  2 kobolds
  A bat (D:2)
9 creatures vanquished.

Notes
Turn   | Place    | Note
-------+----------+-------------------------------------------
     0 | D:1      | M4edhros the Octopode Necromancer began the quest for the Orb.
     0 | D:1      | Reached XP level 1. HP: 11/11 MP: 3/3
    74 | D:2      | Reached skill level 1 in Unarmed Combat
   110 | D:2      | Reached XP level 2. HP: 8/17 MP: 1/5
   177 | D:2      | Learned a level 1 spell: Animate Skeleton
   210 | D:2      | Noticed Jessica
   251 | D:2      | Noticed Terence
   255 | D:2      | Slain by Terence

Vault maps used:
D:1:      roderic_octagonal_star, minmay_octomino_e4
D:2:      serial_corexii_hall, corexii_hall_statues_i, corexii_hall_statues_i,
          corexii_hall_statues_x, chequers_ecumenical_altar_simple_redux,
          kennysheep_generic_room_11, uniq_terence, uniq_jessica
D:3:      lemuel_zombie_altar_kikubaaqudgha, gup_sewer_entry_bubbles,
          uniq_sigmund

Skill      XL: |  1  2 |
---------------+-------+-----
Unarmed Combat | 1 2 |  2.1
Dodging        | |  2.0
Stealth        | |  2.6
Spellcasting   | |  2.0
Necromancy     | |  4.0

Action                   || total
-------------------------++-------
Melee: Unarmed           ||    12
       Constrict         ||     3
       Tentacles         ||     2
 Cast: Pain              ||    15
       Animate Skeleton  ||     1
 Stab: Sleeping          ||     1
Armor: Skin              ||     1
Dodge: Dodged            ||     7
